 Dungeon Crawl Stone Soup version 0.22-a0-617-g6d95e9e (webtiles) character file.

270 sking99 the Insei (level 6, -1/50 HPs)
             Began as a Draconian Transmuter on July 12, 2018.
             Slain by a bullfrog (5 damage)
             ... in a sewer.
             The game lasted 00:06:00 (3681 turns).

sking99 the Insei (Draconian Transmuter)            Turns: 3681, Time: 00:06:01

Health: -1/50      AC:  6    Str: 18    XL:     6   Next: 1%
Magic:  9/9        EV: 13    Int: 13    God:
Gold:   135        SH:  0    Dex: 13    Spells: 6/9 levels left

rFire    . . .     SeeInvis .     - Unarmed
rCold    . . .     Gourm    .   (no shield)
rNeg     . . .     Faith    .   (armour unavailable)
rPois    .         Spirit   .   (helmet restricted)
rElec    .         Reflect  .   (no cloak)
rCorr    .         Harm     .   (no gloves)
MR       .....                  (no boots)
Stlth    +.........             (no amulet)
HPRegen  0.16/turn              (no ring)
MPRegen  0.11/turn              (no ring)

@: mighty, appendage (expiring), hasted, slow
A: unfitting armour, horns 2, cold-blooded, AC +6
a: End Transformation


You were in a sewer.
You were hungry.
You had grown temporary horns.
You visited 1 branch of the dungeon, and saw 3 of its levels.
You also visited: Sewer.

You collected 135 gold pieces.

Inventory:

Missiles
 a - 6 arrows
Jewellery
 d - an uncursed amulet of the gourmand {unknown}
Scrolls
 b - 8 scrolls of identify {unknown}
 e - a scroll of immolation {unknown}
 g - 4 scrolls of teleportation {unknown}
 i - 2 scrolls of remove curse {unknown}
 m - a scroll of brand weapon {unknown}
 n - a scroll of blinking {unknown}
 o - a scroll of fear {unknown}
Potions
 j - a potion of magic
 k - a potion of haste
 p - 2 potions of might
Comestibles
 c - 3 rations
 h - 2 chunks of flesh


   Skills:
 + Level 2.9 Fighting
 + Level 3.0 Dodging
 * Level 4.8 Unarmed Combat
 - Level 2.0 Spellcasting
 + Level 3.3 Transmutations


You had 6 spell levels left.
You knew the following spells:

 Your Spells              Type           Power        Failure   Level  Hunger
a - Beastly Appendage     Tmut           #.....       7%          1    ##.....
b - Sticks to Snakes      Tmut           #.......     10%         2    ###....

Your spell library contained the following spells:

 Spells                   Type           Power        Failure   Level  Hunger
 Spider Form              Tmut/Pois      #.........   36%         3    ####...
 Blade Hands              Tmut           #.........   88%         5    ######.
 Ice Form                 Ice/Tmut       #.......     78%         4    #####..


Dungeon Overview and Level Annotations

Branches:
Dungeon (3/15)

Altars:
Uskayaw


Innate Abilities, Weirdness & Mutations

Your plain brown scales are hard. (AC +6)
You cannot fit into any form of body armour.
You are cold-blooded and may be slowed by cold attacks.
You have a pair of horns on your head.


Message History

* * * LOW HITPOINT WARNING * * *
You feel better. The bullfrog barely misses you. x2
The ball python bites you but does no damage.
The ball python closely misses you.
The ball python bites you but does no damage.
The ball python constricts you.
Okay, then.
You punch the ball python!
You kill the ball python!
Your unstable footing causes you to fumble your attack.
The bullfrog closely misses you. The bullfrog barely misses you.
The ball python barely misses you. The ball python closely misses you.
The ball python bites you but does no damage.
The ball python misses you.
Your unstable footing causes you to fumble your attack.
Your transformation is almost over.
The bullfrog hits you.
* * * LOW HITPOINT WARNING * * *
The bullfrog hits you.
You die...

####################
###..≈≈≈≈≈≈≈≈≈S≈≈≈≈≈.S
##...≈≈≈≈†F#≈..≈≈≈≈≈≈..
#.....≈≈≈@FS≈≈≈#≈≈≈S≈SF
#.....≈≈S≈S≈≈≈≈J≈≈≈≈#≈.
##.....≈≈≈≈≈≈≈≈≈≈≈≈≈≈≈.S
#.....#≈≈≈≈≈≈≈≈≈≈≈≈≈≈≈#.
#....##################
##...#### #....#..#
#....'..# #...#####


You could see 2 bullfrogs, an ooze, an adder and 3 ball pythons.

Vanquished Creatures
  9 adders
  6 river rats
  2 oozes (Sewer)
  5 worms
  5 dart slugs
  3 leopard geckos
  5 bats
  3 giant cockroaches
  4 goblins
  7 hobgoblins
  10 jackals
  6 ball pythons
  5 kobolds
  35 rats
105 creatures vanquished.

Vanquished Creatures (collateral kills)
  A river rat (D:3)
  An adder (Sewer)
  A goblin (D:3)
  A jackal (D:3)
  2 ball pythons (Sewer)
  A frilled lizard (D:3)
7 creatures vanquished.

Grand Total: 112 creatures vanquished

Notes
Turn   | Place    | Note
-------+----------+-------------------------------------------
     0 | D:1      | sking99 the Draconian Transmuter began the quest for the Orb.
     0 | D:1      | Reached XP level 1. HP: 16/16 MP: 3/3
   227 | D:1      | Reached XP level 2. HP: 4/23 MP: 3/5
   797 | D:1      | Reached XP level 3. HP: 23/29 MP: 6/6
  1364 | D:2      | Learned a level 2 spell: Sticks to Snakes
  2035 | D:2      | Reached XP level 4. HP: 36/36 MP: 7/7
  2084 | D:2      | Noticed a hand axe
  2084 | D:2      | Noticed a dagger
  2087 | D:2      | Found a hide-covered altar of Uskayaw.
  2433 | D:3      | Reached skill level 4 in Unarmed Combat
  2672 | D:3      | Reached XP level 5. HP: 28/42 MP: 8/8
  2817 | D:3      | Found a glowing drain.
  2824 | Sewer    | Entered a sewer
  3674 | Sewer    | Reached XP level 6. HP: 19/50 MP: 9/9
  3681 | Sewer    | Slain by a bullfrog

Vault maps used:
D:1:      minmay_arrival_four_houses, corexii_item_surrounded_by_moat,
          dk_noncrumbling_4, dk_noncrumbling_2, moated_statue, minmay_hedge_maze
D:2:      dancing_weapons_uskayaw, serial_glass, glass_columns_c,
          glass_columns_a, due_unseen_surprise, minmay_misc_feat_rows,
          minivault_5, serial_bayou_lake_a
D:3:      zin_statuary, lightli_sewer_entry_pipes, minmay_box_of_dots,
          uniq_jessica
Sewer:    sewer_minmay_w

Skill      XL: |  1  2  3  4  5 |
---------------+----------------+-----
Dodging        | 2 3 |  3.0
Fighting       | 2 |  2.9
Unarmed Combat | 4 |  4.8
Transmutations | 3 |  3.3
Spellcasting   | |  2.0

Action                   |  1- 3 |  4- 6 || total
-------------------------+-------+-------++-------
Melee: Unarmed           |   164 |   272 ||   436
       Tailslap          |    13 |    20 ||    33
       Kick              |     6 |    16 ||    22
       Punch             |     4 |     2 ||     6
       Headbutt          |     1 |     1 ||     2
 Cast: Beastly Appendage |     7 |     9 ||    16
       Sticks to Snakes  |       |     6 ||     6
  Use: Potion            |     1 |     7 ||     8
 Stab: Sleeping          |       |     2 ||     2
  Eat: Chunk             |     4 |     6 ||    10
Armor: Skin              |    63 |   136 ||   199
Dodge: Dodged            |   128 |   336 ||   464

Table legend:
 A = Spawn XP
 B = Non-spawn XP
 C = Spawn XP percentage of total XP
 D = Spawn monster count
 E = Non-spawn monster count
 F = Spawn count percentage of total count
 G = Total turns spent on level
                    A         B        C        D         E        F      G
               +---------+---------+-------+---------+---------+-------+---------
         Total |       0 |     387 |   0.0 |       0 |     112 |   0.0 |  3681
               +---------+---------+-------+---------+---------+-------+---------
           D:1 |       0 |      48 |   0.0 |       0 |      26 |   0.0 |  1187
           D:2 |       0 |      63 |   0.0 |       0 |      23 |   0.0 |  1170
           D:3 |       0 |     104 |   0.0 |       0 |      22 |   0.0 |   467
         Sewer |       0 |     172 |   0.0 |       0 |      41 |   0.0 |   857
               +---------+---------+-------+---------+---------+-------+---------
